 Dungeon Crawl Stone Soup version 0.21.1-1-g345015f (webtiles) character file.

344654 torrenera the Severer (level 21, -15/199 HPs)
             Began as a Deep Dwarf Necromancer on May 2, 2018.
             Was a High Priest of Makhleb.
             Demolished by a titan (33 damage)
             ... on level 5 of the Vaults on May 16, 2018.
             The game lasted 06:09:41 (53016 turns).

torrenera the Severer (Deep Dwarf Necromancer)     Turns: 53016, Time: 06:09:42

Health: -15/199    AC: 37    Str: 17    XL:     21   Next: 15%
Magic:  31/31      EV: 13    Int: 28    God:    Makhleb [*****.]
Gold:   2145       SH:  0    Dex: 13    Spells: 18/40 levels left

rFire    . . .     SeeInvis +   a - +7 battleaxe (flame)
rCold    . . .     Gourm    .   (shield currently unavailable)
rNeg     + + .     Faith    .   u - +2 plate armour {rF+}
rPois    +         Spirit   .   p - +1 helmet of the Moon {+Fly}
rElec    .         Reflect  .   R - +2 cloak
rCorr    .         Harm     .   n - +2 pair of gloves of Distant Shores {Int+2}
MR       +++..                  s - +2 pair of boots
Stlth    ..........             z - amulet "Jocly" {RegenMP rPois rF- Int+3 Stlth+}
HPRegen  0.00/turn              T - ring of Musiv {rN+ Int+2 Slay+2 SInv}
MPRegen  0.47/turn              x - +4 ring of protection

@: marked, non-regenerating
A: damage resistance, heal wounds, negative energy resistance 1, sense
surroundings 3, no regeneration
}: 2/15 runes: decaying, serpentine
a: Heal Wounds, Minor Destruction, Lesser Servant of Makhleb, Major Destruction,
Greater Servant of Makhleb, Renounce Religion, Evoke Flight


You were on level 5 of the Vaults.
You worshipped Makhleb.
Makhleb was extremely pleased with you.
You were not hungry.

You visited 9 branches of the dungeon, and saw 40 of its levels.
You visited 1 bazaar.
You also visited: Bailey.

You collected 5342 gold pieces.
You spent 3197 gold pieces at shops.

Inventory:

Hand Weapons
 a - a +7 battleaxe of flaming (weapon)
 i - a +0 battleaxe of electrocution
Missiles
 k - 7 steel tomahawks
 V - 8 tomahawks of returning (quivered)
Armour
 n - the +2 pair of gloves of Distant Shores (worn) {Int+2}
   (You bought it in a shop on level 2 of the Orcish Mines)

   It affects your intelligence (+2).
 p - the +1 helmet of the Moon (worn) {+Fly}
   (You found it on level 2 of the Swamp)

   It lets you fly.
 s - a +2 pair of boots (worn)
 u - a +2 plate armour of fire resistance (worn)
 R - a +2 cloak (worn)
Magical Staves
 b - an uncursed staff of death
Jewellery
 f - an uncursed ring of fire
 o - an uncursed ring of ice
 x - a +4 ring of protection (right hand)
 y - an uncursed amulet of magic regeneration
 z - the amulet "Jocly" (around neck) {RegenMP rPois rF- Int+3 Stlth+}
   (You took it off a vampire knight on level 4 of the Vaults)

   [amulet of magic regeneration]

   It increases your magic regeneration.
   It affects your intelligence (+3).
   It makes you vulnerable to fire.
   It protects you from poison.
   It makes you more stealthy.
 T - the ring of Musiv (left hand) {rN+ Int+2 Slay+2 SInv}
   (You bought it in a shop on level 2 of the Orcish Mines)

   [ring of see invisible]

   It affects your intelligence (+2).
   It affects your accuracy and damage with ranged weapons and melee attacks
   (+2).
   It protects you from negative energy.
   It lets you see invisible.
Wands
 r - a wand of acid (13)
 v - a wand of iceblast (9)
 H - a wand of paralysis (70)
 J - a wand of disintegration (34)
 Y - a wand of digging (38)
Scrolls
 g - 19 scrolls of remove curse
 j - a scroll of acquirement
 m - 11 scrolls of magic mapping
 C - 2 scrolls of fear
 D - 4 scrolls of immolation
 E - a scroll of summoning
 F - a scroll of identify
 I - 3 scrolls of vulnerability
 X - 2 scrolls of fog
Potions
 d - 17 potions of curing
 e - 5 potions of invisibility
 l - 9 potions of lignification
 q - a potion of cancellation
 w - a potion of haste
 B - 2 potions of ambrosia
 G - 4 potions of might
 L - 5 potions of magic
 M - 3 potions of flight
 N - a potion of heal wounds
 P - 4 potions of agility
 Q - 6 potions of brilliance
 W - 2 potions of resistance
 Z - 3 potions of berserk rage
Miscellaneous
 A - a phantom mirror
 K - a box of beasts
 O - a lightning rod (4/4)
 U - a fan of gales
Comestibles
 c - 65 rations
 S - 5 chunks of flesh


   Skills:
 - Level 14.6 Fighting
 - Level 20.0 Axes
 + Level 17.2 Armour
 - Level 16.0 Dodging
 - Level 2.4 Stealth
 - Level 10.0 Spellcasting
 - Level 10.6 Necromancy
 - Level 5.2 Translocations
 - Level 6.2 Earth Magic
 - Level 15.0 Invocations
 - Level 10.0 Evocations


You had 18 spell levels left.
You knew the following spells:

 Your Spells              Type           Power        Failure   Level  Hunger
a - Apportation           Tloc           #####.       6%          1    None
b - Animate Skeleton      Necr           N/A          1%          1    None
c - Vampiric Draining     Necr           ######....   1%          3    None
d - Animate Dead          Necr           N/A          7%          4    None
e - Borgnjor's Vile Clut  Necr/Erth      ######....   43%         5    ###....
f - Swiftness             Chrm/Air       ##......     63%         2    None
g - Searing Ray           Conj           ##....       63%         2    None
h - Summon Butterflies    Summ           ##......     47%         1    None
i - Lesser Beckoning      Tloc           #####.....   19%         3    None


Dungeon Overview and Level Annotations

Branches:
Dungeon (15/15)            Temple (1/1) D:7            Lair (6/6) D:10
  Swamp (4/4) Lair:3        Snake (4/4) Lair:2        Slime (0/5) Lair:6
    Orc (2/2) D:9             Elf (2/3) Orc:2        Vaults (5/5) D:14
  Crypt (0/3) Vaults:2     Depths (1/5) D:15

Altars:
Cheibriados
Dithmenos
Gozag
Hepliaklqana
Kikubaaqudgha
Makhleb
Okawaru
Qazlal
Ru
Sif Muna
Trog
Uskayaw
Vehumet
Wu Jian
Xom
Yredelemnul
Zin
Beogh
Jiyva

Shops:
D:9 (   D:14 }%   Orc:2 [([=   Elf:1 ?   Elf:2 ==}   Vaults:3 !   Vaults:4 :
Vaults:5 %

Portals:
Trove: Vaults:2 (give +5 fire dragon scales)

Annotations:
D:5 Tiareth's ghost, novice DESk
D:7 cultivahabas's ghost, novice TrMo
D:14 exclusion: ice statue
Lair:1 exclusion: oklob plant
Snake:4 exclusion: Roxanne, Roxanne
Elf:1 exclusion: orange crystal statue
Vaults:5 Boris


Innate Abilities, Weirdness & Mutations

You are resistant to damage.
You can heal yourself by infusing magical energy.
You resist negative energy. (rN+)
You passively map a large area around you.
You do not regenerate.


Message History

Your cacodemon dies!
The deep elf annihilator hits you but does no damage.
The storm dragon bites you but does no damage.
The storm dragon completely misses you. The storm dragon closely misses you.
The titan waves its arms in wide circles.
The air twists around and strikes you!
Your orange demon closely misses the storm dragon.
Your orange demon hits the storm dragon.
Boris casts a spell.
Boris flickers and vanishes for a moment.
A vault warden comes into view. It is wielding an enchanted war axe.
A demon appears!
The cacodemon hits you.
* * * LOW HITPOINT WARNING * * *
The cacodemon misses you.
The storm dragon breathes lightning at you.
The bolt of lightning hits you!
* * * LOW HITPOINT WARNING * * *
The deep elf annihilator hits you but does no damage.
The titan hits you!!!
You die...

, * *, p.§.... # *
, , , , *QO.LH.. #
, ,, ∩ ,* 9WHp... ,
, ** , , *eWc...# ,
, * ##Qy*...# , , *
* *##pQ.p...#* , ,
..#######CHH*...##
,,* , ,, ,
.......4DDp....## *
......C@eDC....# ,
* ,,,
........2.......# *
,
,.......1.........#
, , ,, ,,
..........#####...
, ,, , *
#.....##### #.. ,,
** ** ######**
**#., ,, , , , , ,,
,, ,, , , ,, , ,, ,
** * * *** * * *


You could see Boris (invisible), an ironheart preserver, a titan, 2 storm
dragons, a cacodemon, a fire giant, a fire dragon, 2 vault wardens, 2 tengu
reavers, a deep elf annihilator, an ettin, a deep elf elementalist, an ironbrand
convoker, a yaktaur, 2 freezing wraiths, 3 harpies, a hornet, 2 battlespheres, a
friendly Executioner and a friendly orange demon.

Vanquished Creatures
  Mennas (Vaults:4)
  Saint Roka (Orc:2)
  Jorgrun (Snake:3)
  A lich (Vaults:3)
  A deep elf blademaster (Elf:2)
  A tengu reaver (Vaults:3)
  2 thorn hunters (Swamp:3)
  A shadow dragon (Vaults:4)
  The ghost of equalderp2856 the Severer, an adept MiFi (Snake:3)
  Kirke (Snake:4)
  5 nagarajas (Snake:4)
  A fire giant (Vaults:4)
  A frost giant (Vaults:4)
  2 deep elf sorcerers
  The ghost of vatarom the Scorcher, an adept DEFE of Vehumet (Snake:3)
  8 vault wardens
  Aizul (Elf:2)
  A ghoul (Vaults:4)
  A deep elf elementalist (Vaults:5)
  11 ironheart preservers
  A very ugly thing (Vaults:4)
  A stone giant (shapeshifter) (Vaults:4)
  A green draconian (Vaults:4)
  An entropy weaver (Vaults:4)
  7 stone giants
  A deep elf demonologist (Vaults:5)
  A vampire knight (Vaults:4)
  A deep elf annihilator (Vaults:1)
  2 fire dragons (Swamp:4)
  Josephine (Lair:4)
  5 ettins
  A deep elf death mage (Vaults:1)
  4 great orbs of eyes
  11 yaktaur captains
  A deep elf high priest (Vaults:4)
  13 naga warriors
  36 vault guards
  A rakshasa (Vaults:1)
  15 hydras
  3 ice dragons
  7 centaur warriors
  6 anacondas
  A death knight (Vaults:4)
  7 ogre magi
  13 dancing weapons
  27 two-headed ogres
  4 deep troll shamans
  8 alligators
  3 deep troll earth magi
  A tengu warrior (D:14)
  3 death yaks (D:10)
  An orc high priest (Orc:2)
  15 deep elf knights
  17 naga sharpshooters
  3 shock serpents
  18 deep trolls
  7 swamp dragons
  12 skeletal warriors
  5 naga ritualists
  A glowing orange brain (shapeshifter) (Vaults:5)
  A deep troll (shapeshifter) (Vaults:1)
  2 wizards
  4 phantasmal warriors (Vaults:4)
  A glowing orange brain (Vaults:2)
  3 unseen horrors
  A spriggan druid (Swamp:4)
  10 ironbrand convokers
  4 deep elf archers
  3 shambling mangroves
  3 mana vipers
  A lindwurm (Lair:6)
  A harpy (Vaults:5)
  10 orc knights
  A harpy (shapeshifter) (Vaults:1)
  4 wolf spiders
  36 ugly things
  8 cyclopes
  3 orc sorcerers
  2 necromancers (D:14)
  38 deep elf magi
  6 salamanders
  An elephant (Lair:4)
  2 manticores
  A salamander (shapeshifter) (Vaults:4)
  2 centaur zombies (D:14)
  A guardian serpent (Snake:3)
  6 vault sentinels
  27 black mambas
  15 naga magi
  A torpor snail (Lair:2)
  3 gargoyles
  7 komodo dragons
  15 spiny frogs
  4 kobold demonologists
  3 rime drakes
  2 freezing wraiths
  18 yaktaurs
  A tengu conjurer (D:14)
  14 polar bears
  A wolf spider simulacrum (D:15)
  9 tyrant leeches
  2 harpy zombies (D:15)
  A meliai (D:13)
  8 trolls
  A polar bear (shapeshifter) (D:15)
  14 slime creatures
  13 hornets
  10 blink frogs
  A dream sheep (shapeshifter) (Vaults:4)
  10 hippogriffs
  7 bog bodies
  2 meliai zombies (D:12)
  2 shadows
  5 spriggans
  2 water elementals (Elf:1)
  An air elemental (Elf:1)
  4 wyverns
  5 wraiths
  A basilisk (shapeshifter) (Vaults:1)
  A fire elemental (Elf:2)
  13 vampire mosquitoes
  2 fire bats (Swamp:4)
  31 yaks
  A basilisk (Lair:6)
  19 humans (D:14)
  A hog (Elf:1)
  2 steam dragons
  11 wargs
  11 insubstantial wisps
  15 swamp worms
  26 nagas
  2 acid dragons
  11 hell hounds (Lair:6)
  24 water moccasins
  8 porcupines
  A floating eye (Vaults:4)
  11 black bears
  44 orc warriors
  3 ice beasts
  An ice beast (shapeshifter) (Vaults:4)
  5 sky beasts
  9 swamp drakes
  A black bear (shapeshifter) (D:14)
  2 eyes of draining
  17 boggarts
  16 ogres
  18 centaurs
  22 wolves
  9 crocodiles
  5 big kobolds
  11 bullfrogs
  3 earth elementals
  2 scorpions
  A human simulacrum (Vaults:1)
  9 killer bees
  3 wights (D:11)
  A vampire bat (Elf:1)
  5 howler monkeys
  A bullfrog zombie (D:5)
  10 crimson imps
  2 hounds
  20 orc priests
  38 orc wizards
  A bullfrog skeleton (D:10)
  9 jellies
  5 centaur skeletons
  3 iguanas
  3 hell rats
  10 worker ants
  A hound zombie (D:6)
  16 gnolls
  13 adders
  3 shadow imps
  2 white imps
  7 oozes
  An adder skeleton (D:6)
  2 worms
  3 dart slugs
  7 leopard geckos
  111 orcs
  2 ball pythons
  6 giant cockroaches
  13 goblins
  6 hobgoblins
  17 jackals
  6 quokkas
  7 bats
  9 frilled lizards
  A giant cockroach zombie (D:6)
  A jackal skeleton (D:4)
  26 kobolds
  A quokka zombie (D:6)
  7 rats
  A briar patch (Swamp:3)
  5 plants
1426 creatures vanquished.

Vanquished Creatures (collateral kills)
  Vashnia (Snake:4)
  A tentacled monstrosity (Vaults:4)
  2 tengu reavers
  A fire giant (Vaults:3)
  2 nagarajas
  3 deep elf sorcerers
  A vault warden (Vaults:3)
  An orc warlord (Vaults:1)
  A deep elf elementalist (Vaults:4)
  A ghoul (Vaults:4)
  A stone giant (Vaults:2)
  An ironheart preserver (Vaults:3)
  3 very ugly things
  A fire dragon (Swamp:4)
  An ettin (Vaults:5)
  6 hydras
  A vault guard (Vaults:1)
  2 ice dragons
  3 naga warriors
  The ghost of vatarom the Envoy of Void, a journeyman DsAK of Lugonu (Lair:4)
  A ghost crab (Swamp:1)
  2 ogre magi
  2 anacondas (Snake:3)
  3 two-headed ogres
  A death knight (Vaults:4)
  2 naga sharpshooters
  2 deep elf knights
  3 skeletal warriors
  A fire crab (Swamp:4)
  A flayed ghost (Vaults:3)
  2 deep trolls
  2 swamp dragons (Swamp:4)
  A lindwurm (Swamp:4)
  3 ironbrand convokers
  2 cyclopes
  2 mana vipers
  A wolf spider zombie (D:14)
  3 ugly things
  2 deep elf magi
  A salamander (shapeshifter) (Vaults:1)
  3 elephants (Lair:4)
  2 vault sentinels
  A naga mage (Snake:1)
  7 black mambas
  A torpor snail (shapeshifter) (Vaults:5)
  A centaur skeleton (D:15)
  A rime drake (Lair:6)
  5 yaktaurs
  2 freezing wraiths (Vaults:4)
  2 polar bears (Lair:4)
  A tyrant leech (Swamp:4)
  5 blink frogs
  2 hornets
  A bog body (Swamp:3)
  4 hippogriffs
  A redback (Vaults:4)
  4 yaks (Lair:5)
  5 wraiths
  2 wyverns
  2 humans (D:14)
  A water elemental (D:15)
  A hog (Snake:4)
  A basilisk (Lair:3)
  A steam dragon (Swamp:4)
  A hungry ghost (D:10)
  5 vampire mosquitoes
  2 swamp worms
  8 nagas
  An insubstantial wisp (Swamp:4)
  An acid dragon (Vaults:1)
  3 water moccasins
  A porcupine (Lair:5)
  4 hell hounds (Lair:6)
  2 swamp drakes (Swamp:4)
  2 orc warriors (Orc:2)
  3 black bears (Lair:6)
  An eye of draining (Vaults:4)
  2 necrophages
  10 ogres
  3 wolves
  7 crocodiles
  A bullfrog (Lair:2)
  2 killer bees (D:13)
  2 wights (D:11)
  2 howler monkeys (D:8)
  2 crimson imps
  A bullfrog skeleton (D:12)
  An orc priest (Orc:2)
  A hound (D:10)
  A jelly (Lair:6)
  A hell rat (D:9)
  2 adders
  A gnoll (D:4)
  A river rat (D:10)
  2 shadow imps
  8 orcs
  A bat (D:3)
  2 kobolds (Bailey)
  A bush (Lair:6)
  4 plants
219 creatures vanquished.

Vanquished Creatures (others)
  A yaktaur captain (Vaults:1)
  A lindwurm (Swamp:4)
  A swamp dragon (Swamp:4)
  A deep elf mage (Elf:1)
  A naga mage (Snake:4)
  3 yaktaurs (Vaults:1)
  2 humans (Snake:4)
  2 steam dragons (Swamp:4)
  A vampire mosquito (Lair:3)
  A naga (Snake:3)
  A swamp worm (Swamp:4)
  6 swamp drakes (Swamp:4)
  An ogre (Vaults:1)
  2 fungi (Lair:6)
  11 plants (Lair:6)
35 creatures vanquished.

Grand Total: 1680 creatures vanquished

Notes
Turn   | Place    | Note
-------+----------+-------------------------------------------
     0 | D:1      | torrenera the Deep Dwarf Necromancer began the quest for the Orb.
     0 | D:1      | Reached XP level 1. HP: 15/15 MP: 3/3
   175 | D:1      | Reached XP level 2. HP: 7/22 MP: 0/4
   221 | D:1      | Learned a level 1 spell: Animate Skeleton
   565 | D:1      | Reached skill level 5 in Necromancy
   767 | D:1      | Reached XP level 3. HP: 9/28 MP: 1/6
   772 | D:1      | Learned a level 3 spell: Vampiric Draining
  1448 | D:1      | Reached XP level 4. HP: 28/36 MP: 1/8
  2395 | D:3      | Reached XP level 5. HP: 26/42 MP: 3/10
  3037 | D:3      | Found a stormy altar of Qazlal.
  3497 | D:4      | Reached XP level 6. HP: 33/49 MP: 5/12
  3694 | D:4      | Got a smoking mace
  3697 | D:4      | Identified the +3 mace of Sin {pain, rC+} (You found it on level 4 of the Dungeon)
  3807 | D:4      | Reached skill level 5 in Spellcasting
  3933 | D:4      | Found an iron altar of Okawaru.
  3986 | D:4      | You fall through a shaft for 3 floors!
  3986 | D:7      | Noticed an ice beast
  4067 | D:7      | Killed an ice beast
  4067 | D:7      | Reached XP level 7. HP: 44/55 MP: 2/15
  4193 | D:7      | Found a staircase to the Ecumenical Temple.
  4202 | Temple   | Entered the Ecumenical Temple
  4250 | Temple   | Became a worshipper of Makhleb the Destroyer
  4452 | D:7      | Learned a level 4 spell: Animate Dead
  4458 | D:7      | Learned a level 5 spell: Borgnjor's Vile Clutch
  4461 | D:7      | Learned a level 2 spell: Swiftness
  4661 | D:7      | Noticed cultivahabas's ghost (novice TrMo)
  4828 | D:6      | Reached XP level 8. HP: 46/62 MP: 8/18
  4887 | D:5      | Entered Level 5 of the Dungeon
  4963 | D:4      | Found Ufuuvoq's Book Shoppe.
  5165 | D:5      | Reached * piety under Makhleb
  5277 | D:5      | Noticed Tiareth's ghost (novice DESk)
  5931 | D:6      | Noticed a two-headed ogre
  6075 | D:6      | Killed a two-headed ogre
  6075 | D:6      | Reached skill level 10 in Necromancy
  6075 | D:6      | Gained mutation: You passively map the area around you. [Deep Dwarf growth]
  6075 | D:6      | Reached XP level 9. HP: 7/68 MP: 2/19
  6242 | D:5      | Reached skill level 1 in Fighting
  6242 | D:5      | Reached skill level 1 in Armour
  6452 | D:6      | Reached ** piety under Makhleb
  6481 | D:6      | Found a shimmering altar of Xom.
  6487 | D:6      | Reached skill level 1 in Earth Magic
  6734 | D:6      | Noticed a manticore
  6740 | D:6      | Killed a manticore
  6824 | D:7      | Reached skill level 5 in Earth Magic
  7238 | D:8      | Found a flagged portal.
  7259 | Bailey   | Entered a bailey
  7458 | Bailey   | Found an iron altar of Okawaru.
  7463 | Bailey   | Reached skill level 5 in Invocations
  7705 | D:8      | Reached *** piety under Makhleb
  7792 | D:8      | Reached XP level 10. HP: 70/78 MP: 1/20
  7919 | D:8      | Found a shadowy altar of Dithmenos.
  8228 | D:9      | Found a staircase to the Orcish Mines.
  8229 | D:9      | Found Afofoarr's Weapon Boutique.
  8473 | D:9      | Found an opulent altar of Gozag.
  8473 | D:9      | Found a bloodstained altar of Trog.
  8954 | D:9      | Got an ominously black robe
  9242 | D:10     | Entered Level 10 of the Dungeon
  9242 | D:10     | Found a staircase to the Lair.
  9242 | D:10     | Noticed a death yak
  9246 | D:10     | Noticed a death yak
  9308 | D:10     | Noticed a two-headed ogre
  9308 | D:10     | Reached skill level 1 in Evocations
  9324 | D:10     | Killed a two-headed ogre
  9497 | D:10     | Noticed a death yak
  9662 | D:10     | Reached skill level 5 in Armour
  9704 | D:11     | Reached skill level 5 in Evocations
  9907 | D:11     | Killed an unseen horror
 10012 | D:11     | Identified the +1 robe "Buosur" {Str+4 Slay+5 Stlth+} (You found it on level 9 of the Dungeon)
 10019 | D:11     | Noticed a two-headed ogre
 10027 | D:11     | Killed a two-headed ogre
 10027 | D:11     | Reached XP level 11. HP: 72/92 MP: 8/21
 10042 | D:11     | Noticed a cyan ugly thing
 10054 | D:11     | Killed a cyan ugly thing
 10179 | D:11     | Noticed a two-headed ogre
 10190 | D:11     | Killed a two-headed ogre
 10465 | D:11     | Learned a level 2 spell: Searing Ray
 10623 | D:11     | Noticed a two-headed ogre
 10634 | D:11     | Killed a two-headed ogre
 10634 | D:11     | Reached skill level 5 in Fighting
 10932 | D:10     | Reached skill level 5 in Dodging
 11225 | D:10     | Killed a death yak
 11227 | D:10     | Killed a death yak
 11227 | D:10     | Killed a death yak
 11274 | D:10     | Reached **** piety under Makhleb
 11743 | Lair:1   | Entered Level 1 of the Lair of Beasts
 12422 | Lair:1   | Noticed an oklob plant
 12902 | Lair:2   | Noticed a six-headed hydra
 12912 | Lair:1   | Killed a six-headed hydra
 12912 | Lair:1   | Reached skill level 10 in Evocations
 12912 | Lair:1   | Reached XP level 12. HP: 94/106 MP: 12/22
 13074 | Lair:2   | Noticed an eight-headed hydra
 13080 | Lair:2   | Killed an eight-headed hydra
 13270 | Lair:2   | Found a staircase to the Snake Pit.
 13806 | Lair:3   | Got a brightly glowing chain mail
 13913 | Lair:3   | Reached skill level 10 in Dodging
 13967 | Lair:3   | Noticed a six-headed hydra
 13984 | Lair:3   | Killed a six-headed hydra
 13984 | Lair:3   | Reached ***** piety under Makhleb
 14634 | Lair:3   | Found a staircase to the Swamp.
 15304 | Lair:4   | Reached XP level 13. HP: 101/118 MP: 14/23
 15370 | Lair:4   | Noticed vatarom's ghost (journeyman DsAK)
 15391 | Lair:4   | Killed vatarom's ghost
 15451 | Lair:4   | Noticed Josephine
 15469 | Lair:4   | Killed Josephine
 17193 | Lair:6   | Entered Level 6 of the Lair of Beasts
 17295 | Lair:5   | Reached skill level 10 in Fighting
 18420 | Lair:6   | Found a runed door.
 18420 | Lair:6   | Found a viscous altar of Jiyva.
 18422 | Lair:6   | Found a staircase to the Slime Pits.
 18574 | Lair:6   | Reached ****** piety under Makhleb
 18603 | Lair:6   | Gained mutation: You resist negative energy. (rN+) [Deep Dwarf growth]
 18603 | Lair:6   | Reached XP level 14. HP: 120/135 MP: 7/24
 19381 | Lair:2   | Identified the +4 chain mail of Wottump {SInv Stlth+} (You found it on level 3 of the Lair of Beasts)
 19462 | Orc:1    | Entered Level 1 of the Orcish Mines
 19908 | Orc:2    | Entered Level 2 of the Orcish Mines
 19937 | Orc:2    | Found a staircase to the Elven Halls.
 20462 | Orc:2    | Noticed Saint Roka
 21054 | D:12     | Learned a level 1 spell: Apportation
 22040 | D:13     | Learned a level 1 spell: Summon Butterflies
 22087 | D:13     | Got a brightly glowing chain mail
 22098 | D:13     | Identified the cursed +0 chain mail "Gezapn" {Dex+5} (You found it on level 13 of the Dungeon)
 22137 | D:13     | Reached skill level 1 in Axes
 22539 | D:13     | Reached skill level 2 in Axes
 22804 | D:13     | You fall through a shaft!
 23092 | D:14     | Reached skill level 3 in Axes
 23386 | D:14     | Reached skill level 4 in Axes
 23786 | D:14     | Reached skill level 5 in Axes
 23873 | D:14     | Reached skill level 10 in Armour
 23997 | D:14     | Found Ykkuucoa's Gadget Emporium.
 24013 | D:14     | Found Feamp's Food Boutique.
 24068 | D:14     | Reached XP level 15. HP: 148/148 MP: 15/25
 24483 | D:14     | Reached skill level 6 in Axes
 24541 | D:14     | Reached skill level 7 in Axes
 24743 | D:14     | Found a gate to the Vaults.
 25005 | D:15     | Entered Level 15 of the Dungeon
 25101 | D:15     | Found a shadowy altar of Dithmenos.
 25257 | D:15     | Reached skill level 8 in Axes
 25517 | D:15     | Reached skill level 9 in Axes
 26183 | D:15     | Reached skill level 10 in Axes
 26816 | D:15     | Found a staircase to the Depths.
 26907 | D:15     | Reached skill level 11 in Axes
 27662 | Orc:2    | Found a roughly hewn altar of Beogh.
 27665 | Orc:2    | Found Heazoczu's Jewellery Boutique.
 27673 | Orc:2    | Bought the ring of Musiv {rN+ Int+2 Slay+2 SInv} for 659 gold pieces
 27867 | Swamp:1  | Entered Level 1 of the Swamp
 28206 | Swamp:1  | Got an ancient chain mail
 28408 | Swamp:1  | Reached skill level 12 in Axes
 29243 | Swamp:2  | Got a smoking helmet
 29253 | Swamp:2  | Identified the +1 helmet of the Moon {+Fly} (You found it on level 2 of the Swamp)
 29296 | Swamp:2  | Reached skill level 13 in Axes
 29836 | Swamp:2  | Identified the +3 chain mail "Doahepsan" {MR+ Int+5} (You found it on level 1 of the Swamp)
 29962 | Swamp:3  | Paralysed by a hornet for 1 turns
 29963 | Swamp:3  | Reached XP level 16. HP: 139/157 MP: 7/26
 29982 | Swamp:3  | Noticed a thorn hunter
 30010 | Swamp:3  | Killed a thorn hunter
 30125 | Swamp:3  | Got a pitted great sword
 30186 | Swamp:3  | Got an obsidian-studded leather armour
 30207 | Swamp:3  | Identified the +2 leather armour of the Marlin {rF+ Str+2} (You found it on level 3 of the Swamp)
 30222 | Swamp:3  | Identified the cursed +0 great sword "Concordance" {slice, Str+4} (You found it on level 3 of the Swamp)
 30248 | Swamp:3  | Reached skill level 14 in Axes
 30770 | Swamp:3  | Noticed a thorn hunter
 30780 | Swamp:3  | Killed a thorn hunter
 30835 | Swamp:3  | HP: 5/157 [poisoned by a swamp dragon (poison gas)]
 31358 | Swamp:4  | Entered Level 4 of the Swamp
 31507 | Swamp:4  | Reached skill level 15 in Axes
 32104 | Swamp:4  | Got a decaying rune of Zot
 32130 | Swamp:4  | Reached skill level 16 in Axes
 32955 | Orc:2    | Found a roughly hewn altar of Beogh.
 33126 | Orc:2    | Found a roughly hewn altar of Beogh.
 33195 | Orc:2    | Found a roughly hewn altar of Beogh.
 33225 | Orc:2    | Found a roughly hewn altar of Beogh.
 33228 | Orc:2    | Found Keyg Voh's Armour Emporium.
 33244 | Orc:2    | Bought the +2 pair of gloves of Distant Shores {Int+2} for 436 gold pieces
 33423 | Orc:2    | Found Woem's Antique Armour Shop.
 33434 | Orc:2    | Killed Saint Roka
 33436 | Orc:2    | Found Taafino's Antique Weapon Boutique.
 33460 | Orc:2    | Found a roughly hewn altar of Beogh.
 34154 | Orc:2    | Bought the +2 hat of the Bear Spirit {Spirit, +Rage rN+ MR++} for 1290 gold pieces
 34154 | Orc:2    | Found the +2 hat of the Bear Spirit {Spirit, +Rage rN+ MR++}
 34236 | Elf:1    | Entered Level 1 of the Elven Halls
 34521 | Elf:1    | Reached skill level 17 in Axes
 34718 | Elf:1    | Reached XP level 17. HP: 159/164 MP: 11/27
 34846 | Elf:1    | Found a radiant altar of Vehumet.
 34898 | Elf:1    | Found Joihonul's Magic Scroll Shoppe.
 34901 | Elf:1    | Bought a scroll of identify for 32 gold pieces
 34901 | Elf:1    | Bought a scroll of identify for 32 gold pieces
 34961 | Elf:1    | Reached skill level 18 in Axes
 36028 | D:13     | Learned a level 3 spell: Lesser Beckoning
 36514 | Elf:2    | Found Teghul's Gadget Shop.
 36514 | Elf:2    | Found Naudgh's Jewellery Shoppe.
 36523 | Elf:2    | Found Bithrock's Jewellery Shoppe.
 36630 | Elf:2    | Found a runed gate.
 36630 | Elf:2    | Found a runed gate.
 36630 | Elf:2    | Found a runed gate.
 36697 | Elf:2    | Reached skill level 1 in Translocations
 36808 | Elf:2    | Noticed Aizul
 36818 | Elf:2    | Killed Aizul
 37159 | Elf:2    | Reached skill level 19 in Axes
 37302 | Elf:2    | Noticed a deep elf blademaster
 37321 | Elf:2    | Killed a deep elf blademaster
 37700 | Snake:1  | Entered Level 1 of the Snake Pit
 38821 | Snake:2  | Found a deep blue altar of Sif Muna.
 39946 | Snake:3  | Noticed equalderp2856's ghost (adept MiFi)
 40041 | Snake:3  | Noticed vatarom's ghost (adept DEFE)
 40282 | Snake:3  | Noticed Jorgrun
 40351 | Snake:3  | Killed Jorgrun
 40600 | Snake:3  | Killed vatarom's ghost
 40845 | Snake:3  | Gained mutation: You passively map a large area around you. [Deep Dwarf growth]
 40845 | Snake:3  | Reached XP level 18. HP: 161/175 MP: 10/28
 41112 | Snake:4  | Entered Level 4 of the Snake Pit
 41223 | Snake:4  | Noticed Kirke
 41251 | Snake:4  | Killed Kirke
 41305 | Snake:4  | Found an ornate altar of the Wu Jian Council.
 41391 | Snake:4  | Got a heavily runed leather armour
 41449 | Snake:3  | Identified the +1 leather armour of Plog {rPois rCorr Str+4 Slay+3} (You found it on level 4 of the Snake Pit)
 41488 | Snake:3  | Killed equalderp2856's ghost
 41488 | Snake:3  | Reached skill level 5 in Translocations
 41633 | Snake:4  | Noticed Roxanne
 41753 | Snake:4  | Found a radiant altar of Vehumet.
 41967 | Snake:4  | Reached skill level 10 in Invocations
 41991 | Snake:4  | Noticed Vashnia
 41993 | Snake:4  | Reached skill level 20 in Axes
 42041 | Snake:4  | HP: 8/176 [naga sharpshooter/arrow (22)]
 42048 | Snake:4  | HP: 4/176 [naga sharpshooter/arrow (18)]
 42056 | Snake:4  | HP: 4/176 [naga sharpshooter/bolt[Vashnia] (17)]
 42534 | Snake:4  | Killed Vashnia
 42785 | Snake:4  | Got a serpentine rune of Zot
 43322 | Vaults:1 | Entered Level 1 of the Vaults
 43664 | Vaults:1 | Found a flickering gateway to a bazaar.
 43670 | Bazaar   | Entered a bazaar
 43683 | Bazaar   | Found Feajaam's Antique Weapon Emporium.
 43694 | Bazaar   | Found Umirekki's Antique Weapon Shoppe.
 43710 | Bazaar   | Found Utamaoj's Antique Armour Emporium.
 43715 | Bazaar   | Bought a dazzling scale mail for 126 gold pieces
 43721 | Bazaar   | Found Posief's Antique Armour Shoppe.
 43752 | Bazaar   | Bought a runed battleaxe for 323 gold pieces
 43769 | Bazaar   | Identified the +1 scale mail "Cihi Mor" {rN+ SInv} (You bought it in a shop in a bazaar)
 44432 | Vaults:1 | Reached skill level 10 in Spellcasting
 44475 | Vaults:1 | Reached XP level 19. HP: 28/183 MP: 15/33
 44494 | Vaults:1 | Noticed an iron giant
 44494 | Vaults:1 | Noticed a juggernaut
 44494 | Vaults:1 | an iron giant changed into a juggernaut
 44508 | Vaults:1 | Noticed a caustic shrike
 44508 | Vaults:1 | an acid blob changed into a caustic shrike
 44509 | Vaults:1 | Noticed an iron giant
 44509 | Vaults:1 | a caustic shrike changed into an iron giant
 44510 | Vaults:1 | an iron giant changed into a shadow dragon
 44511 | Vaults:1 | Noticed a golden dragon
 44511 | Vaults:1 | a shadow dragon changed into a golden dragon
 44513 | Vaults:1 | Noticed a caustic shrike
 44513 | Vaults:1 | a shadow dragon changed into a caustic shrike
 44516 | Vaults:1 | Noticed an iron giant
 44516 | Vaults:1 | a caustic shrike changed into an iron giant
 44518 | Vaults:1 | a golden dragon changed into a shadow dragon
 44520 | Vaults:1 | HP: 9/183 [iron giant/rakshasa (7)]
 46107 | Vaults:2 | Got a scorched chain mail
 46118 | Vaults:2 | Identified the +3 chain mail of Hide-and-Seek {rElec rC+ Str+3 Int-4} (You found it on level 2 of the Vaults)
 46398 | Vaults:2 | Found a portal to a secret trove of treasure.
 46603 | Vaults:2 | Found a staircase to the Crypt.
 46603 | Vaults:2 | Found an ancient bone altar of Kikubaaqudgha.
 46604 | Vaults:2 | Found a basalt altar of Yredelemnul.
 46971 | Vaults:2 | HP: 1/183 [yaktaur captain/bolt (31)]
 47448 | Vaults:3 | Found Cofaew's Distillery.
 47451 | Vaults:3 | Bought a potion of haste for 130 gold pieces
 47451 | Vaults:3 | Bought a potion of agility for 52 gold pieces
 47451 | Vaults:3 | Bought a potion of curing for 39 gold pieces
 47451 | Vaults:3 | Bought a potion of curing for 39 gold pieces
 47451 | Vaults:3 | Bought a potion of curing for 39 gold pieces
 48521 | Vaults:3 | Got a slimy arbalest
 48846 | Vaults:3 | Identified a scroll of acquirement
 48847 | Vaults:3 | Identified the cursed +0 arbalest of Uskayaw's Displeasure {flame, Fragile Int+2 Dex+2} (You found it on level 3 of the Vaults)
 49051 | Vaults:4 | Reached XP level 20. HP: 192/192 MP: 25/32
 49054 | Vaults:4 | Reached skill level 15 in Invocations
 49488 | Vaults:4 | Reached skill level 15 in Dodging
 50685 | Vaults:4 | Noticed Mennas
 50707 | Vaults:4 | Killed Mennas
 50998 | Vaults:4 | Found Ryxipoc's Book Shop.
 51222 | Vaults:4 | Paralysed by a floating eye for 2 turns
 51233 | Vaults:4 | Paralysed by a floating eye for 2 turns
 51249 | Vaults:4 | Got a smoking emerald amulet
 51365 | Vaults:4 | Identified the amulet "Jocly" {RegenMP rPois rF- Int+3 Stlth+} (You took it off a vampire knight on level 4 of the Vaults)
 51470 | Vaults:4 | Identified the Reference Book on the Harmful Traveller
 51601 | Vaults:4 | Identified the Incunabulum of the Oath and Changing
 51924 | Depths:1 | Entered Level 1 of the Depths
 51933 | D:15     | Reached skill level 15 in Armour
 52182 | Vaults:5 | Entered Level 5 of the Vaults
 52633 | Vaults:4 | Reached XP level 21. HP: 191/199 MP: 33/33
 52924 | Vaults:5 | HP: 6/199 [storm dragon/bolt of lightning (19)]
 52926 | Vaults:5 | HP: 2/199 [titan/the air (30)]
 52962 | Vaults:5 | Found Foemnimm's Food Boutique.
 53007 | Vaults:5 | Noticed Boris
 53016 | Vaults:5 | Demolished by a titan

Skill      XL: |  1  2  3  4  5  6  7  8  9 10 11 12 13 14 15 16 17 18 19 20 21 |
---------------+----------------------------------------------------------------+-----
Spellcasting   | 2 3 4 5 6 7 10 | 10.0
Necromancy     | 5 6 7 10 | 10.6
Fighting       | 1 4 6 8 11 13 14 | 14.6
Armour         | 1 5 7 10 12 13 16 17 | 17.2
Earth Magic    | 6 |  6.2
Invocations    | 7 8 10 14 15 | 15.0
Evocations     | 6 10 | 10.0
Dodging        | 7 12 13 14 16 | 16.0
Axes           | 5 13 17 19 20 | 20.0
Translocations | 4 5 |  5.2
Stealth        | |  2.4

Action                   |  1- 3 |  4- 6 |  7- 9 | 10-12 | 13-15 | 16-18 | 19-21 || total
-------------------------+-------+-------+-------+-------+-------+-------+-------++-------
Melee: Unarmed           |     9 |       |       |       |       |       |       ||     9
       Short sword       |    14 |    90 |       |       |       |       |       ||   104
       Mace              |       |     9 |   193 |    94 |       |       |       ||   296
       Staff             |       |       |       |   222 |   866 |   293 |    32 ||  1413
       War axe           |       |       |       |       |    73 |   114 |       ||   187
       Battleaxe         |       |       |       |       |       |   400 |   736 ||  1136
 Fire: Blowgun           |       |     9 |     4 |       |       |       |       ||    13
Throw: Stone             |       |     4 |    19 |       |       |       |       ||    23
       Tomahawk          |       |       |       |    52 |    92 |    89 |    37 ||   270
 Cast: Pain              |    50 |    27 |    69 |    63 |    27 |       |       ||   236
       Vampiric Draining |     7 |    40 |    65 |    96 |   235 |   411 |   224 ||  1078
       Animate Skeleton  |       |    32 |     8 |    33 |   114 |   125 |    88 ||   400
       Borgnjor's Vile C |       |       |     6 |    45 |   137 |   112 |    43 ||   343
       Animate Dead      |       |       |     1 |     8 |     7 |     7 |    10 ||    33
       Searing Ray       |       |       |       |     5 |    24 |     2 |     1 ||    32
       Apportation       |       |       |       |       |       |     6 |       ||     6
       Lesser Beckoning  |       |       |       |       |       |     2 |     1 ||     3
Invok: Lesser Servant of |       |       |       |    11 |    17 |    30 |    15 ||    73
       Greater Servant o |       |       |       |       |       |       |    11 ||    11
 Abil: Evoke Flight      |       |       |       |       |     2 |       |       ||     2
       Heal Wounds       |       |       |       |       |       |     8 |    22 ||    30
Evoke: Wand              |       |       |     2 |    19 |    13 |    29 |     6 ||    69
       Fan of gales      |       |       |       |     1 |       |       |       ||     1
       Phantom mirror    |       |       |       |       |       |       |     1 ||     1
  Use: Scroll            |       |       |     9 |     9 |    16 |    18 |    28 ||    80
       Potion            |       |       |       |       |     2 |    17 |     1 ||    20
 Stab: Sleeping          |     1 |     3 |     4 |     1 |    15 |     6 |     1 ||    31
       Paralysed         |       |       |     4 |       |       |       |       ||     4
       Distracted        |       |       |       |     1 |     3 |     8 |    11 ||    23
  Eat: Chunk             |     3 |    12 |    15 |    37 |    73 |    42 |    35 ||   217
       Ration            |       |       |       |     1 |     6 |     9 |       ||    16
Armor: Robe              |     7 |    26 |   117 |    97 |   317 |   187 |       ||   751
       Leather armour    |       |       |       |    98 |       |   133 |   116 ||   347
       Skin              |       |       |       |       |       |     6 |       ||     6
       Plate armour      |       |       |       |       |       |       |   404 ||   404
Dodge: Dodged            |    26 |    91 |   224 |   434 |  1719 |  1139 |   617 ||  4250
